 Dungeon Crawl Stone Soup version 0.29.0-7-g18a832c13a (webtiles) character file.

Game seed: 7392437075107322471

421 sanka the Ruffian (level 6, -10/59 HPs)
             Began as a Troll Monk on Aug 31, 2022.
             Mangled by a gnoll
             ... wielding a +0 halberd
             ... led by a gnoll sergeant
              (11 damage)
             ... on level 5 of the Dungeon.
             The game lasted 00:03:58 (3553 turns).

sanka the Ruffian (Troll Monk)                      Turns: 3553, Time: 00:03:59

Health: -10/59     AC:  5    Str: 20    XL:     6   Next: 62%
Magic:  5/5        EV: 14    Int:  6    God:
Gold:   208        SH:  0    Dex: 14    Spells: 5/5 levels left

rFire   . . .      SeeInvis .     - Unarmed
rCold   . . .      Faith    .   (no shield)
rNeg    . . .      Spirit   .   a - +0 robe
rPois   .          Reflect  .   (helmet restricted)
rElec   .          Harm     .   j - +0 cloak
rCorr   .          Rampage  .   (gloves unavailable)
Will    .....                   (boots unavailable)
Stlth   ++........              (no amulet)
HPRegen 0.99/turn               (no ring)
MPRegen 0.09/turn               s - +4 ring of evasion

@: no status effects
A: large, unfitting armour, claws 3, regeneration 1, shaggy fur 1, tough skin 1
a: no special abilities


You were on level 5 of the Dungeon.
You visited 1 branch of the dungeon, and saw 5 of its levels.

You collected 208 gold pieces.


Innate Abilities, Weirdness & Mutations

You are too large for most types of armour.
You have claws for hands.
Your natural rate of healing is unusually fast.
You are covered in fur. (AC +1)
You have tough skin. (AC +1)


   Skills:
 - Level 2.4 Fighting
 - Level 2.4 Dodging
 - Level 1.0 Stealth
 + Level 7.6 Unarmed Combat


You had 5 spell levels left.
You didn't know any spells.
Your spell library contained the following spells:

 Spells                   Type           Power      Damage    Failure   Level
 Necrotise                Necr           0%         1d4       45%         1
 Summon Small Mammal      Summ           0%         N/A       45%         1
 Call Canine Familiar     Summ           0%         N/A       83%         3
 Summon Guardian Golem    Hex/Summ       0%         N/A       83%         3
 Vampiric Draining        Necr           0%         2d6       83%         3
 Agony                    Necr           0%         N/A       100%        5
 Conjure Ball Lightning   Conj/Air       0%         3x3d6     100%        6
 Discord                  Hex            0%         N/A       100%        8
 Disjunction              Tloc           0%         N/A       100%        8

Inventory:

Missiles
 p - 2 throwing nets {=f}
 r - 4 javelins
Armour
 a - a +0 robe (worn)
 j - a +0 cloak (worn)
Jewellery
 s - a +4 ring of evasion (right claw)
Scrolls
 c - 8 scrolls of identify {unknown}
 d - a scroll of silence {unknown}
 e - 3 scrolls of teleportation {unknown}
 f - a scroll of noise {unknown}
 i - a scroll of enchant armour {unknown}
 k - a scroll of fog {unknown}
 l - a scroll of poison {unknown}
 n - a scroll of summoning {unknown}
 q - a scroll of immolation {unknown}
Potions
 b - 2 potions of ambrosia
 g - 2 potions of invisibility {unknown}
 h - 2 potions of curing {unknown}
 m - 3 potions of magic {unknown}
 o - a potion of degeneration {unknown}

Dungeon Overview and Level Annotations

Branches:
Dungeon (5/15)
 Temple: D:4-7

Altars:
Dithmenos
Elyvilon
Sif Muna
Uskayaw
Yredelemnul
The Shining One

Annotations:
D:3 2 transporters, diceflayer's ghost, amateur MiFi

▒ ▒▒ ▒▒▒. ..+
▒... ▒▒▒▒▒+▒▒..▒
▒....▒.........▒
▒....▒.........▒
▒...ggg........▒
▒T....▒▒..▒
▒.....▒ ▒.....▒
▒.....▒▒
▒..<...▒
▒......▒
▒▒▒▒▒▒▒▒


You could see a gnoll sergeant and 2 gnolls.


Message History

The gnoll hits you but does no damage.
The gnoll sergeant hits you with a +4 trident of protection!
* * * LOW HITPOINT WARNING * * *
You barely miss the gnoll sergeant.
The gnoll sergeant is severely wounded.
The gnoll barely misses you.
The gnoll sergeant hits you with a +4 trident of protection.
* * * LOW HITPOINT WARNING * * *
You scratch the gnoll sergeant.
You claw the gnoll sergeant, but do no damage.
The gnoll sergeant is severely wounded.
The gnoll barely misses you.
The gnoll sergeant hits you with a +4 trident of protection!
* * * LOW HITPOINT WARNING * * *
You scratch the gnoll sergeant but do no damage.
The gnoll sergeant is severely wounded.
The gnoll sergeant hits you with a +4 trident of protection.
* * * LOW HITPOINT WARNING * * *
The gnoll hits you with a +0 flail.
* * * LOW HITPOINT WARNING * * *
You barely miss the gnoll sergeant.
The gnoll sergeant is severely wounded.
Unknown command.
You scratch the gnoll sergeant but do no damage.
The gnoll sergeant is severely wounded.
The gnoll misses you.
The gnoll sergeant hits you with a +4 trident of protection.
* * * LOW HITPOINT WARNING * * *
The gnoll hits you from afar with a +0 halberd!
You die...

Action                   |  1- 3 |  4- 6 || total
-------------------------+-------+-------++-------
Melee: Unarmed           |    93 |   161 ||   254
       Punch             |     3 |     6 ||     9
 Stab: Sleeping          |     8 |     3 ||    11
Armor: Robe              |    16 |    55 ||    71
Dodge: Dodged            |    39 |   103 ||   142

Levels and vault maps discovered:
D:1:      heliophobic_arrival_enchanted_forest, layout_loops_cross,
          hellmonk_ecumenical_altar_inner_sanctum, minmay_tromino_v4_a
D:2:      minmay_chambers_of_ones, layout_loops_ring
D:3:      layout_rooms, kennysheep_ying_yang, grunt_dithmenos_smoke,
          mainiacjoe_overflow_brackets, nicolae_sif_muna_little_library,
          gammafunk_ghost_gnarly_gnolls, hangedman_decor_points
D:4:      layout_cave_pools, tso_altar, serial_forest,
          infiniplex_forest_straight_4, infiniplex_forest_clump_long,
          infiniplex_forest_straight_3, infiniplex_forest_end_3,
          infiniplex_forest_lined_room_2, infiniplex_forest_fountain,
          grunt_decor_resistance
D:5:      layout_gridville, okawaru_trees_2, serial_shops,
          nicolae_stop_n_shop_2, minmay_manual_mullet, uniq_menkaure

Notes
Turn   | Place    | Note
-------+----------+-------------------------------------------
     0 | D:1      | sanka the Troll Monk began the quest for the Orb.
     0 | D:1      | Reached XP level 1. HP: 22/22 MP: 0/0
    45 | D:1      | Found a faded altar of an unknown god.
   139 | D:1      | Reached XP level 2. HP: 28/29 MP: 1/1
   290 | D:1      | Reached skill level 4 in Unarmed Combat
   589 | D:2      | Reached XP level 3. HP: 36/36 MP: 2/2
  1302 | D:2      | Reached skill level 5 in Unarmed Combat
  1302 | D:2      | Reached XP level 4. HP: 44/44 MP: 3/3
  1342 | D:3      | Identified the +2 ring mail of Knowledge {rN+}
  1342 | D:3      | Noticed a gnoll sergeant
  1415 | D:3      | Found a basalt altar of Yredelemnul.
  1480 | D:3      | Found a hide-covered altar of Uskayaw.
  1504 | D:3      | Found a shadowy altar of Dithmenos.
  1633 | D:3      | Found a transporter.
  1633 | D:3      | Found a transporter.
  1642 | D:3      | Noticed diceflayer's ghost (amateur MiFi)
  1739 | D:3      | Found a white marble altar of Elyvilon.
  1852 | D:3      | Found a shimmering blue altar of Sif Muna.
  2021 | D:2      | Reached XP level 5. HP: 25/50 MP: 4/4
  2120 | D:3      | Reached skill level 6 in Unarmed Combat
  2166 | D:3      | Found a shadowy altar of Dithmenos.
  2209 | D:3      | Found a transporter.
  2209 | D:3      | Found a transporter.
  2338 | D:3      | Found a basalt altar of Yredelemnul.
  2405 | D:3      | Found a white marble altar of Elyvilon.
  2503 | D:3      | Found a hide-covered altar of Uskayaw.
  2563 | D:3      | Found a shimmering blue altar of Sif Muna.
  2657 | D:3      | HP: 2/50 [gnoll/+0 flail[a gnoll bouda] (10)]
  3190 | D:4      | Found a glowing golden altar of the Shining One.
  3466 | D:5      | Entered Level 5 of the Dungeon
  3466 | D:5      | Noticed Menkaure
  3478 | D:5      | Killed Menkaure
  3479 | D:5      | Reached skill level 7 in Unarmed Combat
  3479 | D:5      | Reached XP level 6. HP: 25/59 MP: 5/5
  3551 | D:5      | HP: 5/59 [gnoll/+0 flail[a gnoll sergeant] (4)]
  3553 | D:5      | HP: 1/59 [gnoll sergeant/+4 trident of protection (5)]
  3553 | D:5      | Mangled by a gnoll

Vanquished Creatures
  Menkaure (D:5)
  A gnoll bouda (D:3)
  A hound (D:5)
  An orc priest (D:3)
  An iguana (D:5)
  5 gnolls
  5 adders
  4 worms
  A dart slug (D:4)
  2 orcs (D:3)
  9 endoplasms
  3 giant cockroaches
  5 goblins
  9 hobgoblins
  4 jackals (D:4)
  12 kobolds
  6 quokkas
  6 ball pythons
  5 bats
  3 frilled lizards
  A rat (D:3)
  A bush (D:4)
86 creatures vanquished.

Vanquished Creatures (others)
  8 plants
8 creatures vanquished.

Grand Total: 94 creatures vanquished
